 Dungeon Crawl Stone Soup version 0.25-a0-566-g062765be81 (webtiles) character file.

Game seed: 10119759047529607346, levelgen mode: deterministic

21 kae the Sneak (level 2, -5/19 HPs)
             Began as a Vampire Enchanter on Feb 28, 2020.
             Slain by a centaur skeleton (8 damage)
             ... on level 2 of the Dungeon.
             The game lasted 00:01:19 (555 turns).

kae the Sneak (Vampire Enchanter)                    Turns: 555, Time: 00:01:20

Health: -5/19      AC:  2    Str:  7    XL:     2   Next: 62%
Magic:  4/5        EV: 12    Int: 17    God:
Gold:   46         SH:  0    Dex: 14    Spells: 2/5 levels left

rFire    . . .     SeeInvis +   a - +1 dagger
rCold    . . .     Gourm    .   (no shield)
rNeg     . . .     Faith    .   b - +0 robe
rPois    .         Spirit   .   (no helmet)
rElec    .         Reflect  .   (no cloak)
rCorr    .         Harm     .   (no gloves)
MR       .....                  (no boots)
Stlth    +++.......             (no amulet)
HPRegen  0.26/turn              (no ring)
MPRegen  0.09/turn              (no ring)

@: regenerating quickly
A: no food, fangs 3, see invisible, unbreathing
a: Exsanguinate


You were on level 2 of the Dungeon.
You were alive.

You visited 1 branch of the dungeon, and saw 2 of its levels.

You collected 46 gold pieces.

Inventory:

Hand Weapons
 a - a +1 dagger (weapon)
Armour
 b - a +0 robe (worn)
Scrolls
 c - a scroll of identify
 d - 2 scrolls of remove curse {unknown}
Potions
 e - a potion of heal wounds
 f - a potion of might {unknown}
 g - a potion of magic {unknown}


   Skills:
 * Level 2.0 Short Blades
 - Level 2.1 Dodging
 + Level 4.8 Stealth
 + Level 2.2 Spellcasting
 + Level 4.7 Hexes


You had 2 spell levels left.
You knew the following spells:

 Your Spells              Type           Power        Failure   Level  Hunger
a - Corona                Hex            ###....      2%          1    N/A
b - Ensorcelled Hibernat  Hex/Ice        #.....       11%         2    N/A

Your spell library contained the following spells:

 Spells                   Type           Power        Failure   Level  Hunger
 Confusing Touch          Hex            ###.....     9%          3    N/A
 Tukima's Dance           Hex            ###.....     9%          3    N/A
 Dazzling Flash           Conj/Hex       #.....       22%         3    N/A

Dungeon Overview and Level Annotations

Branches:
Dungeon (2/15)

Altars:


Innate Abilities, Weirdness & Mutations

You do not eat.
Your natural rate of healing is unusually fast.
You have razor-sharp teeth.
You have supernaturally acute eyesight. (SInv)
You can survive without breathing.


Message History

Casting: Corona (safe; 2% risk of failure)
Confirm with . or Enter, or press ? or * to list all spells.
Aiming: Corona (safe; 2% risk of failure)
Press: ? - help, Shift-Dir - straight line, f - goblin
Aim: a goblin (severely wounded, chance to defeat MR: 71%)
The goblin barely resists.
The goblin barely misses you.
You hit the goblin.
You kill the goblin!
The centaur skeleton misses you.
You hit the centaur skeleton.
The centaur skeleton is moderately damaged.
The centaur skeleton barely misses you.
You hit the centaur skeleton.
The centaur skeleton is moderately damaged.
The centaur skeleton hits you.
* * * LOW HITPOINT WARNING * * *
You hit the centaur skeleton.
The centaur skeleton is heavily damaged.
The centaur skeleton hits you!
You die...

.# .# .# #######
.## .....# ..# #
#.#..# ..# #.
.##.#..###..#
...........Z@..#
#.#.##.#...###.#
.....#.#>..# #
#......[.#
##.....<.#
#........(#
#....%......#
#.#.##.#....#
... ........#


You could see a centaur skeleton.

Vanquished Creatures
  5 goblins
  3 hobgoblins (D:1)
  A jackal (D:2)
  2 kobolds (D:1)
  3 bats
  2 frilled lizards (D:1)
  3 rats (D:1)
19 creatures vanquished.

Notes
Turn   | Place    | Note
-------+----------+-------------------------------------------
     0 | D:1      | kae the Vampire Enchanter began the quest for the Orb.
     0 | D:1      | Reached XP level 1. HP: 13/13 MP: 3/3
   132 | D:1      | Reached XP level 2. HP: 7/19 MP: 3/5
   181 | D:1      | Learned a level 2 spell: Ensorcelled Hibernation
   555 | D:2      | Slain by a centaur skeleton

Levels and vault maps discovered:
D:1:      erik_arrival_triangle_small, layout_rooms, hangedman_glass_teeth,
          nrook_loot_triangle
D:2:      layout_loops_ring, kennysheep_vampire_church,
          nicolae_overflow_crystal_walls, minmay_rat_gold_closets

Skill      XL: |  1  2 |
---------------+-------+-----
Short Blades   | 2 |  2.0
Dodging        | |  2.1
Stealth        | |  4.8
Spellcasting   | |  2.2
Hexes          | |  4.7

Action                   || total
-------------------------++-------
Melee: Dagger            ||    86
       Bite              ||     5
 Cast: Corona            ||     5
  Use: Scroll            ||     1
 Stab: Sleeping          ||     2
Armor: Robe              ||    19
Dodge: Dodged            ||    68

Table legend:
 A = Non-vault XP
 B = Vault XP
 C = Vault XP percentage of total XP
 D = Non-vault monster count
 E = Vault monster count
 F = Vault count percentage of total count
                 A         B        C        D         E       F
            +---------+---------+-------+---------+---------+-------
      Total |      30 |       0 |   0.0 |      19 |       0 |   0.0
            +---------+---------+-------+---------+---------+-------
        D:1 |      25 |       0 |   0.0 |      16 |       0 |   0.0
        D:2 |       5 |       0 |   0.0 |       3 |       0 |   0.0
            +---------+---------+-------+---------+---------+-------
